 Dungeon Crawl Stone Soup version 0.29.1-13-g9f3cf754e1 (webtiles) character file.

Game seed: 14183410871156745109

70 croobank the Sneak (level 4, 0/31 HPs)
             Began as an Octopode Delver on Jan 21, 2023.
             Slain by an orc
             ... wielding a +0 dagger
              (3 damage)
             ... on level 4 of the Dungeon.
             The game lasted 00:03:24 (868 turns).

croobank the Sneak (Octopode Delver)                 Turns: 868, Time: 00:03:25

Health: 0/31       AC:  1    Str: 11    XL:     4   Next: 21%
Magic:  13/13      EV: 13    Int: 14    God:
Gold:   37         SH:  0    Dex: 13    Spells: 3/3 levels left

rFire   . . .      SeeInvis .   a - +0 hand axe
rCold   . . .      Faith    .   (no shield)
rNeg    . . .      Spirit   .   (helmet restricted)
rPois   .          Reflect  .   (no amulet)
rElec   .          Harm     .   l - ring of magical power
rCorr   .          Rampage  .   (no ring)
Will    .....                   (no ring)
Stlth   ++++......              (no ring)
HPRegen 0.10/turn               (no ring)
MPRegen 0.13/turn               (no ring)
                                (no ring)
                                (no ring)

@: no status effects
A: almost no armour, amphibious, 8 rings, camouflage 1, gelatinous body 1,
(nimble swimmer 1), tentacles
a: no special abilities


You were on level 4 of the Dungeon.
You visited 2 branches of the dungeon, and saw 4 of its levels.

You collected 37 gold pieces.

Inventory:

Hand Weapons
 a - a +0 hand axe (weapon)
 g - a +0 quarterstaff
 p - a +0 dagger
Missiles
 k - 5 poisoned darts (quivered)
Jewellery
 l - a ring of magical power (left tentacle)
Wands
 f - a wand of digging (3)
 o - a wand of quicksilver (6)
Scrolls
 b - a scroll of fog
 c - 2 scrolls of magic mapping
 d - a scroll of fear
 i - a scroll of noise {unknown}
 j - 3 scrolls of amnesia {unknown}
 m - a scroll of blinking {unknown}
 q - a scroll of torment {unknown}
Potions
 e - a potion of haste
 h - a potion of resistance {unknown}
 n - a potion of curing {unknown}


   Skills:
 + Level 3.5 Fighting
 + Level 2.7 Axes
 + Level 2.7 Dodging
 + Level 7.2 Stealth


You had 3 spell levels left.
You didn't know any spells.
Your spell library was empty.

Dungeon Overview and Level Annotations

Branches:
Dungeon (6/15)             Temple (1/1) D:5

Altars:
Ashenzari
Cheibriados
Dithmenos
Elyvilon
Fedhas
Hepliaklqana
Kikubaaqudgha
Makhleb
Nemelex Xobeh
Okawaru
Qazlal
Ru
Sif Muna
Trog
Vehumet
Wu Jian
Xom
Yredelemnul
Zin
The Shining One


Innate Abilities, Weirdness & Mutations

You cannot wear most types of armour.
You are amphibious.
You can wear up to eight rings at the same time.
Your skin changes colour to match your surroundings (Stealth+).
Your rubbery body absorbs attacks. (AC +1, EV +1)
((You are camouflaged when in or above water. (Stealth+)))
You have tentacles for arms and can constrict up to eight enemies at once.


Message History

Found a blossoming altar of Fedhas.
There is an open door here.
An orc wizard and 2 orcs come into view.
The orc wizard is wielding a +0 dagger and wearing a +1 robe of fire resistance.
An orc is wielding a +0 war axe of venom.
The orc shouts!
The orc wizard shouts!
The orc wizard hits you with a +0 dagger.
You barely miss the orc wizard. You grab the orc wizard.
You squeeze the orc wizard.
The orc wizard is lightly wounded.
You constrict the orc wizard.
The orc wizard hits you with a +0 dagger.
The orc wizard completely misses you.
You hit the orc wizard but do no damage.
You squeeze the orc wizard, but do no damage.
The orc wizard is moderately wounded.
You constrict the orc wizard.
The orc wizard hits you with a +0 dagger.
You hit the orc wizard. Your squeeze misses the orc wizard.
The orc wizard is heavily wounded.
You constrict the orc wizard.
The orc wizard hits you with a +0 dagger.
A dart slug comes into view.
You hit the orc wizard.
You kill the orc wizard!
You closely miss the orc. The orc hits you with a +0 dagger.
You have reached level 4!
You hit the orc but do no damage. You grab the orc.
You hit the orc but do no damage.
You constrict the orc, but do no damage.
The orc hits you with a +0 dagger.
The orc hits you with a +0 war axe of venom!
* * * LOW HITPOINT WARNING * * *
You hit the orc.
The orc is heavily wounded.
You hit the orc but do no damage.
You constrict the orc, but do no damage.
The orc hits you with a +0 dagger.
* * * LOW HITPOINT WARNING * * *
The orc closely misses you. The orc hits you with a +0 dagger.
You die...

### ## .............##
#_###.
...............#
##.##..
........w.......#
##...##.
................#
#..#..#.
...............#
#.###.#.
..............#
#.###.## #........oo.#
#####.#_...#
#.......@)#
#..'..#...._
##.....###
##..##.#_...# ##...##
###....#.###.##
###.####......#.###.#.
#..##.......#.)#..##
##.#........##...###
#...........##.####
#............#_#.##
##...........###.#.


You could see a dart slug and 2 orcs.

Vanquished Creatures
  A jelly (D:5)
  An orc wizard (D:4)
  An adder (D:5)
  2 goblins (D:4)
  A quokka (D:4)
6 creatures vanquished.

Vanquished Creatures (others)
  4 fungi (D:5)
4 creatures vanquished.

Grand Total: 10 creatures vanquished

Notes
Turn   | Place    | Note
-------+----------+-------------------------------------------
     0 | D:5      | croobank the Octopode Delver began the quest for the Orb.
     0 | D:5      | Reached XP level 1. HP: 16/16 MP: 1/1
   201 | D:5      | Found a staircase to the Ecumenical Temple.
   212 | Temple   | Entered the Ecumenical Temple
   367 | D:6      | Noticed a black bear
   401 | D:5      | Noticed an ogre
   473 | D:5      | Reached XP level 2. HP: 21/21 MP: 2/2
   608 | D:5      | Reached skill level 7 in Stealth
   608 | D:5      | Reached XP level 3. HP: 23/26 MP: 3/3
   710 | D:5      | Noticed a scorpion
   770 | D:4      | Noticed a phantom
   822 | D:4      | Found a bloodstained altar of Trog.
   822 | D:4      | Found an ancient bone altar of Kikubaaqudgha.
   828 | D:4      | Found a broken altar of Ashenzari.
   830 | D:4      | Found a faded altar of an unknown god.
   831 | D:4      | Found a blossoming altar of Fedhas.
   867 | D:4      | Reached XP level 4. HP: 17/31 MP: 4/4
   868 | D:4      | Slain by an orc

Illustrated notes

Levels and vault maps discovered:
D:4:      layout_cave_pods, chequers_temple_overflow_minitemple
D:5:      layout_basic, minmay_temple_entry_glassed_door, water_boxes_lemuel
D:6:      layout_loops_corners
Temple:   kb_temple_of_zot

Skill      XL: |  1  2 |
---------------+-------+-----
Stealth        | 7 |  7.2
Fighting       | |  3.5
Axes           | |  2.7
Dodging        | |  2.7

Action                   |  1- 3 |  4- 6 || total
-------------------------+-------+-------++-------
Melee: Hand axe          |    29 |     2 ||    31
       Constrict         |     9 |     1 ||    10
       Punch             |     1 |       ||     1
       Tentacles         |    13 |       ||    13
 Stab: Sleeping          |     4 |       ||     4
Armor: Skin              |     1 |       ||     1
Dodge: Dodged            |     8 |     1 ||     9
